 Dungeon Crawl Stone Soup version 0.23.2-33-g5129a83184 (webtiles) character file.

Game seed: 934368169201310365

76 teukkam the Skirmisher (level 4, 0/40 HPs)
             Began as a Minotaur Fighter on June 26, 2019.
             Succumbed to a worker ant's poison
             ... on level 4 of the Dungeon.
             The game lasted 00:05:24 (1182 turns).

teukkam the Skirmisher (Minotaur Fighter)           Turns: 1182, Time: 00:05:25

Health: 0/40       AC:  7    Str: 20 (22) XL:     4   Next: 12%
Magic:  3/3        EV:  7    Int:  3 (5)  God:
Gold:   118        SH:  9    Dex:  7 (9)  Spells: 3/3 levels left

rFire    . . .     SeeInvis .   a - +0 dagger (curse)
rCold    . . .     Gourm    .   c - +0 shield
rNeg     . . .     Faith    .   b - +0 scale mail
rPois    .         Spirit   .   (helmet restricted)
rElec    .         Reflect  .   (no cloak)
rCorr    .         Harm     .   (no gloves)
MR       .....                  (no boots)
Stlth    +.........             (no amulet)
HPRegen  0.13/turn              k - ring of stealth
MPRegen  0.08/turn              (no ring)

@: lethally poisoned (0 -> -16), flying
A: retaliatory headbutt, horns 2
a: no special abilities


You were on level 4 of the Dungeon.
You were not hungry.

You visited 1 branch of the dungeon, and saw 4 of its levels.

You collected 118 gold pieces.

Inventory:

Hand Weapons
 a - a cursed +0 dagger (weapon)
 i - a +0 war axe
Missiles
 j - 30 sling bullets
Armour
 b - a +0 scale mail (worn)
 c - a +0 shield (worn)
Jewellery
 k - a ring of stealth (left hand)
Scrolls
 e - 4 scrolls of teleportation
 g - 2 scrolls of fear
 l - a scroll of amnesia
Comestibles
 f - 2 rations
 h - 4 chunks of flesh


   Skills:
 - Level 3.9 Fighting
 + Level 2.0 Short Blades
 - Level 2.7 Axes
 - Level 3.8 Armour
 + Level 2.0 Stealth
 - Level 3.8 Shields


You had 3 spell levels left.
You didn't know any spells.
Your spell library was empty.

Dungeon Overview and Level Annotations

Branches:
Dungeon (4/15)
 Temple: D:4-7

Altars:
Cheibriados
Dithmenos
Kikubaaqudgha
Makhleb
Wu Jian
The Shining One

Annotations:
D:4 Eustachio


Innate Abilities, Weirdness & Mutations

You reflexively headbutt those who attack you in melee.
You have a pair of horns on your head.


Message History

* * * LOW HITPOINT WARNING * * *
You feel sick. You block the bat's attack.
* * * LOW HITPOINT WARNING * * *
You feel sick. You block the bat's attack. The bat barely misses you.
The worker ant barely misses you.
You see here a ration.
f - 2 rations (gained 1)
* * * LOW HITPOINT WARNING * * *
You feel sick. The bat hits you but does no damage. You block the bat's attack.
The bat hits you but does no damage. x2; The worker ant bites you.
* * * LOW HITPOINT WARNING * * *
You are more poisoned.
The worker ant poisons you!
* * * LOW HITPOINT WARNING * * *
You feel sick. The bat barely misses you. The bat closely misses you.
You furiously retaliate!
You headbutt the bat.
You kill the bat!
The bat's corpse disappears in a puff of smoke!
The crimson imp blinks!
You die...

## ## ### .# #.## #.##
### .####..## #..###.#
....##5.###...##.# .
........ยง##......####...
########....5...........
## ###....a.@...# .##
##......#### ..# ###..###
..## #.b..# @..# #.....#
#..## ........#
##..####..........#
#.................
##........


You could see a worker ant, a crimson imp and a bat.

Vanquished Creatures
  Natasha (D:2)
  An adder (D:3)
  A shadow imp (D:3)
  3 dart slugs
  2 leopard geckos
  4 bats
  2 giant cockroaches (D:1)
  2 goblins
  2 hobgoblins
  A quokka (D:3)
  A ball python (D:2)
  A frilled lizard (D:2)
  5 kobolds
  A quokka skeleton (D:3)
  5 rats
32 creatures vanquished.

Notes
Turn   | Place    | Note
-------+----------+-------------------------------------------
     0 | D:1      | teukkam the Minotaur Fighter began the quest for the Orb.
     0 | D:1      | Reached XP level 1. HP: 19/19 MP: 0/0
   160 | D:1      | Reached XP level 2. HP: 24/27 MP: 1/1
   347 | D:3      | Found an ancient bone altar of Kikubaaqudgha.
   367 | D:3      | Reached skill level 1 in Stealth
   374 | D:3      | Found a snail-covered altar of Cheibriados.
   388 | D:3      | Reached XP level 3. HP: 18/33 MP: 2/2
   404 | D:3      | Reached skill level 1 in Short Blades
   648 | D:2      | Noticed Natasha
   663 | D:2      | Killed Natasha
   663 | D:2      | Reached XP level 4. HP: 10/40 MP: 3/3
   898 | D:2      | Found a burning altar of Makhleb.
   898 | D:2      | Noticed a balrug
   901 | D:2      | Noticed an orange demon
   901 | D:2      | Noticed an orange demon
  1074 | D:3      | Found a glowing golden altar of the Shining One.
  1086 | D:3      | Found a shadowy altar of Dithmenos.
  1113 | D:4      | Found an ornate altar of the Wu Jian Council.
  1113 | D:4      | Noticed Eustachio
  1181 | D:4      | HP: 2/40 [poisoned by a worker ant]
  1182 | D:4      | Succumbed to a worker ant's poison

Skill      XL: |  1  2  3  4 |
---------------+-------------+-----
Stealth        | 1 2 |  2.0
Short Blades   | 1 2 |  2.0
Fighting       | |  3.9
Axes           | |  2.7
Armour         | |  3.8
Shields        | |  3.8

Action                   |  1- 3 |  4- 6 || total
-------------------------+-------+-------++-------
Melee: War axe           |    33 |       ||    33
       Headbutt          |     6 |     5 ||    11
       Dagger            |    45 |    28 ||    73
  Use: Scroll            |     3 |     3 ||     6
       Potion            |     4 |     2 ||     6
  Eat: Chunk             |       |     1 ||     1
Armor: Scale mail        |    36 |    19 ||    55
Dodge: Dodged            |    32 |    15 ||    47
Block: Shield            |    44 |    23 ||    67
